 Dungeon Crawl Stone Soup version 0.28.0-43-g3370ac3207 (webtiles) character file.

Game seed: 17259604318653301832

51 Kaptain the Digger (level 3, -1/18 HPs)
             Began as a Gargoyle Earth Elementalist on Mar 19, 2022.
             Killed from afar by Terence (7 damage)
             ... with a puff of flame
             ... on level 2 of the Dungeon.
             The game lasted 00:03:29 (1481 turns).

Kaptain the Digger (Gargoyle Earth Elementalist)    Turns: 1481, Time: 00:03:30

Health: -1/18      AC:  5    Str: 11    XL:     3   Next: 83%
Magic:  5/6        EV: 12    Int: 17    God:
Gold:   0          SH:  0    Dex: 10    Spells: 5/6 levels left

rFire   . . .      SeeInvis .   a - +0 short sword
rCold   . . .      Faith    .   (no shield)
rNeg    + . .      Spirit   .   b - +0 robe
rPois   ∞          Reflect  .   (no helmet)
rElec   +          Harm     .   (no cloak)
rCorr   .          Rampage  .   (no gloves)
Will    .....                   (no boots)
Stlth   ++........              (no amulet)
HPRegen 0.06/turn               (no ring)
MPRegen 0.10/turn               (no ring)

@: no status effects
A: sickness immunity, AC +3, negative energy resistance 1, electricity
resistance, torment resistance 1, petrification resistance, claws 1, frail 1,
mutation resistance 1
a: no special abilities


You were on level 2 of the Dungeon.
You visited 1 branch of the dungeon, and saw 2 of its levels.

Inventory:

Hand Weapons
 a - a +0 short sword (weapon)
Missiles
 c - 41 stones
 i - 21 sling bullets
 k - 3 datura-tipped darts (quivered)
Armour
 b - a +0 robe (worn)
 h - a +0 kite shield
Jewellery
 n - a ring of flight
Scrolls
 e - a scroll of blinking {unknown}
 g - a scroll of identify {unknown}
 l - a scroll of enchant weapon {unknown}
 m - a scroll of amnesia {unknown}
 o - a scroll of immolation {unknown}
Potions
 f - a potion of attraction {unknown}
 j - a potion of heal wounds {unknown}


   Skills:
 * Level 1.4 Fighting
 + Level 0.6 Armour
 - Level 1.6 Dodging
 - Level 2.1 Stealth
 + Level 0.7 Shields
 * Level 2.3 Spellcasting
 * Level 1.5 Conjurations
 - Level 0.7 Transmutations
 * Level 4.0 Earth Magic


You had 5 spell levels left.
You knew the following spells:

 Your Spells              Type           Power      Damage    Failure   Level
a - Sandblast             Erth           30%        2d9       3%          1

Your spell library contained the following spells:

 Spells                   Type           Power      Damage    Failure   Level
 Passwall                 Tmut/Erth      8%         N/A       11%         2
 Freeze                   Ice            8%         1d3       19%         1
 Stone Arrow              Conj/Erth      22%        3d8       19%         3
 Frozen Ramparts          Ice            4%         1d2       50%         3
 Petrify                  Tmut/Erth      10%        N/A       56%         4
 Hailstorm                Conj/Ice       4%         3d4       80%         4


Dungeon Overview and Level Annotations

Branches:
Dungeon (2/15)

Altars:

Shops:
D:2 (

Annotations:
D:2 Terence


Innate Abilities, Weirdness & Mutations

You are immune to sickness and miasma.
Your stone body is resilient. (AC +3)
You are immune to poison.
You resist negative energy. (rN+)
You are resistant to electric shocks. (rElec)
You are resistant to unholy torment.
You are immune to petrification.
You have sharp fingernails.
You are frail. (-10% HP)
You are somewhat resistant to further mutation.


Message History

You kill the hobgoblin!
o - a scroll labelled EVENED FOUNU You see here a hobgoblin corpse.
A ball python comes into view.
The ball python hisses angrily.
The ball python bites you but does no damage.
The ball python grabs you. The ball python constricts you.
You hit the ball python.
The ball python is severely wounded.
The ball python closely misses you. The ball python constricts you.
You hit the ball python.
You kill the ball python!
You see here a ball python corpse.
A goblin and a worm come into view.
Terence the Incautious comes into view.
He is wielding a +0 flail and carrying a wand of flame (18).
Terence zaps a wand.
The puff of flame hits you!
Casting: Sandblast (safe; 3% risk of failure)
Confirm with . or Enter, or press ? or * to list all spells.
Aiming: Sandblast (safe; 3% risk of failure)
Press: ? - help, Shift-Dir - straight line, f - Terence
Aim: Terence, wielding a +0 flail, wearing a +0 ring mail and carrying a wand of flame (17) (82% to hit)
The blast of sand hits Terence but does no damage.
c - 42 stones The goblin shouts!
Casting: Sandblast (safe; 3% risk of failure)
Confirm with . or Enter, or press ? or * to list all spells.
Aiming: Sandblast (safe; 3% risk of failure)
Press: ? - help, Shift-Dir - straight line, f/p - Terence
Aim: Terence, wielding a +0 flail, wearing a +0 ring mail and carrying a wand of flame (17) (82% to hit)
The blast of sand hits Terence but does no damage.
c - 41 stones Unknown command.
Terence zaps a wand.
The puff of flame hits you!
* * * LOW HITPOINT WARNING * * *
You see here a ball python corpse.
It was a potion of mutation.
You feel extremely strange.
You feel frail.
Your fingernails lengthen.
You feel genetically stable.
Okay, then.
Terence zaps a wand.
The puff of flame hits you!
You die...

#######
##g....## ####
#######@#####.##
...# ##...@..##
##.## ##.#
#..####.# #..#
##.## #†## ###
#†.# #...####
##.# #g.#
.......# #..#
##..# #...##.#
#..## #...#
##.###.#
#...####
#....##.# #.#
#.# #......#
##..# .#
#.###.##
##.###.# .'.. .#


You could see Terence.

Vanquished Creatures
  A worm (D:2)
  3 dart slugs (D:1)
  7 bats
  An endoplasm (D:1)
  3 giant cockroaches (D:1)
  A goblin (D:2)
  2 hobgoblins (D:2)
  8 jackals
  2 kobolds (D:1)
  A quokka (D:1)
  4 ball pythons
  7 rats
40 creatures vanquished.

Notes
Turn   | Place    | Note
-------+----------+-------------------------------------------
     0 | D:1      | Kaptain the Gargoyle Earth Elementalist began the quest for
                  | the Orb.
     0 | D:1      | Reached XP level 1. HP: 10/10 MP: 3/3
   104 | D:1      | Reached XP level 2. HP: 16/16 MP: 3/5
   377 | D:1      | Reached skill level 1 in Conjurations
   487 | D:1      | Reached skill level 1 in Fighting
   492 | D:1      | Reached XP level 3. HP: 14/20 MP: 6/6
   667 | D:1      | Reached skill level 4 in Earth Magic
   846 | D:2      | Found Birir's Antique Weapon Boutique.
  1463 | D:2      | Noticed Terence
  1473 | D:2      | Gained mutation: You are frail. (-10% HP) [potion of
                  | mutation]
  1473 | D:2      | Gained mutation: You have sharp fingernails. [potion of
                  | mutation]
  1473 | D:2      | Gained mutation: You are somewhat resistant to further
                  | mutation. [potion of mutation]
  1481 | D:2      | Killed from afar by Terence

Illustrated notes

Levels and vault maps discovered:
D:1:      tarquinn_simple_flora_water_e, layout_rooms
D:2:      layout_loops_ring, serial_shops, shop, minmay_joined_circles,
          uniq_sigmund, uniq_terence

Skill      XL: |  1  2  3 |
---------------+----------+-----
Conjurations   | 1 |  1.5
Fighting       | 1 |  1.4
Earth Magic    | 4 |  4.0
Armour         | |  0.6
Dodging        | |  1.6
Stealth        | |  2.1
Shields        | |  0.7
Spellcasting   | |  2.3
Transmutations | |  0.7

Action                   || total
-------------------------++-------
Melee: Short sword       ||    67
       Punch             ||     1
Throw: Dart              ||     2
 Cast: Sandblast         ||    33
  Use: Potion            ||     1
 Stab: Sleeping          ||     2
Armor: Robe              ||    39
Dodge: Dodged            ||    63
